 Dungeon Crawl Stone Soup version 0.30-a0-135-g630cfc4551 (webtiles) character file.

Game seed: 2020600885722651699

662 juncz the Magician (level 7, -5/54 HPs)
             Began as a Djinni Conjurer on Sept 20, 2022.
             Slain by an iguana (12 damage)
             ... on level 6 of the Dungeon.
             The game lasted 00:24:13 (10645 turns).

juncz the Magician (Djinni Conjurer)               Turns: 10645, Time: 00:24:13

Health: -5/54      AC:  2    Str:  6    XL:     7   Next: 87%
Gold:   381        EV: 12    Int: 21    God:
                   SH:  0    Dex: 12

rFire   + + .      SeeInvis .    e - +0 short sword (venom)
rCold   x . .      Faith    .    (no shield)
rNeg    . . .      Spirit   .    a - +0 robe
rPois   ∞          Reflect  .    (no helmet)
rElec   .          Harm     .    (no cloak)
rCorr   .          Rampage  .    (no gloves)
Will    .....                    (boots unavailable)
Stlth   ++........               g - amulet of the acrobat
HPRegen 0.18/turn                (no ring)
MPRegen 0.00/turn                (no ring)

@: about to teleport, weak-willed, flying
A: sickness immunity, fire resistance 2, cold vulnerability 1, float, innate
caster, HP casting, extra vitality 1
a: no special abilities


You were on level 6 of the Dungeon.
You visited 2 branches of the dungeon, and saw 7 of its levels.
You also visited: Sewer.

You collected 381 gold pieces.

Inventory:

Hand Weapons
 e - a +0 short sword of venom (weapon)
Armour
 a - a +0 robe (worn)
 u - the +3 ring mail of the Thinker {Int+2}
   (You took it off an orc on level 5 of the Dungeon)

   Int:       It affects your intelligence (+2).
Jewellery
 g - an amulet of the acrobat (around neck)
Wands
 k - a wand of roots (12)
Scrolls
 b - a scroll of amnesia
 d - 2 scrolls of vulnerability
 i - a scroll of fog
 s - a scroll of fear
Potions
 h - 2 potions of degeneration {unknown}
 j - a potion of attraction {unknown}
 l - 2 potions of mutation {unknown}
 m - a potion of resistance {unknown}
 o - a potion of invisibility {unknown}
 p - 2 potions of might
 q - 2 potions of haste {unknown}
 r - a potion of brilliance {unknown}
 t - a potion of curing {unknown}


   Skills:
 + Level 5.4 Fighting
 - Level 2.1 Dodging
 - Level 1.5 Stealth
 + Level 5.4 Spellcasting


You couldn't memorise any spells.
You knew the following spells:

 Your Spells              Type           Power      Damage    Failure   Level
a - Magic Dart            Conj           100%       1d8       1%          1
b - Searing Ray           Conj           56%        2d6       1%          2
c - Dazzling Flash        Conj/Hex       56%        N/A       3%          3
d - Fulminant Prism       Conj/Hex       14%        3d9       11%         4
e - Iskenderun's Mystic   Conj/Tloc      28%        2d7       11%         4
f - Apportation           Tloc           56%        N/A       1%          1
g - Call Imp              Summ           28%        N/A       1%          2
h - Static Discharge      Conj/Air       56%        2-5/arc   1%          2
Your spell library was empty.

Dungeon Overview and Level Annotations

Branches:
Dungeon (6/15)             Temple (1/1) D:4           Sewer (visited)

Altars:
Ashenzari
Cheibriados
Elyvilon
Gozag
Hepliaklqana
Qazlal
Ru
Trog
Wu Jian
Xom
Yredelemnul
Zin
The Shining One


Innate Abilities, Weirdness & Mutations

You are immune to sickness and miasma.
You are immune to poison.
Your flesh is very heat resistant. (rF++)
You are vulnerable to cold. (rC-)
You float through the air rather than walking.
You learn spells naturally, not from books.
Your magical power is your life essence.
You have superior vitality. (+4 MHP)


Message History

Aim: an iguana (almost dead, 100% to hit)
The magic dart hits the iguana but does no damage.
The iguana is almost dead.
The kobold brigand shouts!
The kobold shouts! x3
You see here 20 gold pieces.
Found a quarterstaff.
The iguana barely misses you. The iguana attacks as you move away!
The iguana bites you!
You reach down and open the door.
A kobold zombie comes into view.
The iguana bites you! The iguana closely misses you.
Found 14 gold pieces.
The kobold brigand throws a boomerang of dispersal.
The boomerang of dispersal misses you. The iguana attacks as you move away!
The iguana barely misses you.
You reach down and open the door.
An orc zombie comes into view.
The iguana bites you!
* * * LOW HITPOINT WARNING * * *
Blink to where?
Press: ? - help, Dir - move target, p - iguana
As you read the scroll of blinking, it crumbles to dust.
Press: ? - help, . - travel You can't see that place. [the floor.]
Your magical contamination has completely faded away.
An ufetubus comes into view.
An adder comes into view.
The adder hisses angrily.
The kobold throws a boomerang of dispersal.
The boomerang of dispersal misses you.
As you read the scroll labelled DEOGEA SEOJAHULL, it crumbles to dust.
Magic quickly surges around you.
It was a scroll of vulnerability.
As you read the scroll labelled QITZUWN XEUNG, it crumbles to dust.
You feel strangely unstable.
It was a scroll of teleportation.
As you read the scroll of fog, it crumbles to dust.
The scroll dissolves into smoke.
The iguana bites you.
* * * LOW HITPOINT WARNING * * *
The iguana attacks as you move away! The iguana bites you!
You die...

##. ###...#.#
##..###.###
#..##Z'§....#
##(.##...#
#..###.lZ#)#
##.....<#
#..##..##K#
#......#
#..#.###.#
#?.....#
#..## +.#
#.......
##$l###§#
#.......
##..##§###
.........
##..#l@§#
#........
#..K§#§#
#...##...
#.#§§.5S...
#..........
###....5.....
#..........
#..........
#..........
#........


You could see a kobold brigand, an iguana, an adder (weak-willed) and an
ufetubus (weak-willed).

Vanquished Creatures
  A kobold brigand (Sewer)
  A gnoll sergeant (D:5)
  2 necrophages
  A scorpion (D:4)
  5 orc priests
  An iguana (D:4)
  An orc wizard (D:5)
  4 gnolls (D:5)
  2 adders
  4 worms
  A dart slug (D:2)
  9 orcs
  5 endoplasms
  3 giant cockroaches
  9 goblins
  4 hobgoblins
  15 kobolds
  4 quokkas
  5 ball pythons
  4 bats
  3 frilled lizards
  8 rats
  6 fulminant prisms (D:5)
98 creatures vanquished.

Vanquished Creatures (others)
  24 fulminant prisms
  5 fungi
  35 plants
  5 toadstools (D:3)
69 creatures vanquished.

Grand Total: 167 creatures vanquished

Notes
Turn   | Place    | Note
-------+----------+-------------------------------------------
     0 | D:1      | juncz the Djinni Conjurer began the quest for the Orb.
     0 | D:1      | juncz set off with the following spells memorised: Magic
                  | Dart, Searing Ray, Dazzling Flash, Fulminant Prism,
                  | Iskenderun's Mystic Blast.
     0 | D:1      | Reached XP level 1. HP: 15/15 MP: 0/0
   643 | D:1      | Reached skill level 1 in Fighting
   643 | D:1      | Reached XP level 2. HP: 19/22 MP: 0/0
  1217 | D:1      | Found a faded altar of an unknown god.
  1921 | D:2      | Reached XP level 3. HP: 21/27 MP: 0/0
  1921 | D:2      | Learned a level 1 spell: Apportation
  2750 | D:3      | Reached XP level 4. HP: 9/33 MP: 0/0
  3044 | D:3      | Found a glowing golden altar of the Shining One.
  3220 | D:3      | Found a glowing drain.
  3227 | Sewer    | Entered a sewer
  4382 | Sewer    | Noticed a kobold brigand
  4388 | Sewer    | Killed a kobold brigand
  4389 | Sewer    | Reached XP level 5. HP: 31/40 MP: 0/0
  4389 | Sewer    | Learned a level 2 spell: Call Imp
  6422 | D:4      | Reached XP level 6. HP: 33/47 MP: 0/0
  6946 | D:4      | Found a staircase to the Ecumenical Temple.
  7219 | Temple   | Entered the Ecumenical Temple
  7400 | D:4      | Found a shimmering altar of Xom.
  7425 | D:4      | Found a basalt altar of Yredelemnul.
  7579 | D:4      | Found a white marble altar of Elyvilon.
  7688 | D:5      | Entered Level 5 of the Dungeon
  8304 | D:5      | Reached XP level 7. HP: 34/53 MP: 0/0
  8304 | D:5      | Learned a level 2 spell: Static Discharge
  8601 | D:5      | Reached skill level 5 in Spellcasting
  9286 | D:5      | Reached skill level 5 in Fighting
  9545 | D:5      | Identified the +3 ring mail of the Thinker {Int+2}
  9771 | D:5      | Found an opulent altar of Gozag.
 10536 | D:6      | Found a snail-covered altar of Cheibriados.
 10537 | D:6      | HP: 1/54 [orc warrior/bolt (26)]
 10604 | D:6      | Noticed a water moccasin
 10645 | D:6      | Slain by an iguana

Illustrated notes

Levels and vault maps discovered:
D:1:      dpeg_arrival_chambers_temple_mockup, layout_basic,
          ebering_ecumenical_altar_mist, minmay_misc_feat_columns
D:2:      layout_rooms, minmay_surrounded
D:3:      layout_rooms, lemuel_coloured_pillars_altar,
          cheibrodos_sewer_entry_bend, minmay_gold_behind_fungi,
          chequers_serial_rivers_micro_d, corexii_corridor_pit,
          nicolae_eternal_life, skrybe_limestone_x, kennysheep_big_empty_room
D:4:      layout_cave_pools, elyvilon_altar_1, mainiacjoe_overflow_alcove_1,
          yredelemnul_altar_generic, minmay_temple_entry_proselytizer
D:5:      layout_loops_ring, mainiacjoe_overflow_alcove_2, tgw_fedhas,
          nicolae_grassy_gnolls
D:6:      lemuel_ice_spiral_2, layout_rooms, slow_altar_1,
          gammafunk_temple_overflow_forgotten, nicolae_ossuary_entry_giza,
          minmay_unpleasant_kobolds
Temple:   nicolae_temple_bog_church

Skill      XL: |  1  2  3  4  5  6  7 |
---------------+----------------------+-----
Fighting       | 1 2 3 4 5 |  5.4
Spellcasting   | 4 5 |  5.4
Dodging        | |  2.1
Stealth        | |  1.5

Action                   |  1- 3 |  4- 6 |  7- 9 || total
-------------------------+-------+-------+-------++-------
Melee: Short sword       |       |     1 |       ||     1
 Cast: Magic Dart        |    78 |    77 |    40 ||   195
       Fulminant Prism   |       |    18 |    12 ||    30
       Iskenderun's Myst |       |     1 |     1 ||     2
       Static Discharge  |       |       |     1 ||     1
  Use: Scroll            |       |     6 |     5 ||    11
       Potion            |       |       |     2 ||     2
Armor: Robe              |     2 |       |       ||     2
Dodge: Dodged            |     6 |     8 |    12 ||    26

Table legend: (Time is in decaauts)
 A = Elapsed time spent in this place.
 B = Non-inter-level travel time spent in this place.
 C = Inter-level travel time spent in this place.
 D = Time resting spent in this place.
 E = Time spent auto-exploring this place.
 F = Levels seen in this place.
 G = Mean time per level.
                   A        B        C        D        E       F      G
               +--------+--------+--------+--------+--------+-----+--------+
         Total |  10651 |  10390 |    261 |   6576 |   2842 |   8 | 1331.4 |
       Dungeon |   8929 |   8704 |    225 |   5364 |   2509 |   6 | 1488.2 |
        Temple |    172 |    136 |     36 |      0 |    123 |   1 |  172.0 |
         Sewer |   1548 |   1548 |      0 |   1212 |    210 |   1 | 1548.0 |
               +--------+--------+--------+--------+--------+-----+--------+

Top non-repeatable levels by time:
     D:5: 2749 daAuts
     D:3: 1869 daAuts
   Sewer: 1548 daAuts
     D:1: 1542 daAuts
     D:4: 1534 daAuts
     D:2: 1186 daAuts
  Temple: 172 daAuts
     D:6: 47 daAuts
